[Event "Titled Tuesday Blitz July 11 Late 2023"]
[White "Talibov, Shiroghlan"]
[Black "Martinez Alcantara, Jose Eduardo"]
[WhiteFideId "13429078"]
[BlackFideId "3805662"]
[WhiteElo "2818"]
[BlackElo "3019"]
[Result "0-1"]
[Round "4"]
[TimeControl "180+2"]
[Date "2023.07.11"]
[WhiteClock "0:00:00"]
[BlackClock "0:00:35"]
[Board "8"]

1. e4 c5 2. Nf3 d6 3. Nc3 a6 4. h3 e6 5. d4 cxd4 6. Nxd4 b5 7. g4 Bb7 8. Bg2 h6 9. Be3 Nf6 10. a3 Nbd7 11. h4 Ne5 12. g5 Nfd7 13. gxh6 g6 14. h5 g5 15. Bh3 Qf6 16. Qe2 Rc8 17. O-O-O Rxc3 18. bxc3 d5 19. Nxb5 axb5 20. Qxb5 Bxa3+ 21. Kd2 Bc6 22. Qa6 O-O 23. Bg2 Bc5 24. Rdf1 dxe4 25. h7+ Kxh7 26. Rhg1 Rd8 27. Kc1 Ra8 28. Qe2 Bd5 29. Bd4 Bxd4 30. Bxe4+ Kh8 31. Bxd5 exd5 32. cxd4 Nc4 33. c3 Ra1+ 34. Kc2 Ra2+ 0-1


[Site "https://www.chess.com"]

[Event "Titled Tuesday Blitz July 11 Late 2023"]
[White "Paravyan, David"]
[Black "Troff, Kayden"]
[WhiteFideId "4194985"]
[BlackFideId "2047896"]
[WhiteElo "3017"]
[BlackElo "2812"]
[Result "1-0"]
[Round "4"]
[TimeControl "180+2"]
[Date "2023.07.11"]
[WhiteClock "0:00:03"]
[BlackClock "0:00:00"]
[Board "9"]

1. e4 c5 2. Nf3 g6 3. d4 cxd4 4. Nxd4 Bg7 5. c4 Qb6 6. Nb3 a5 7. Be3 Qb4+ 8. Bd2 Qd6 9. Bc3 Qxd1+ 10. Kxd1 Nf6 11. f3 a4 12. Nd4 Nc6 13. Nb5 O-O 14. N1a3 d6 15. Be2 Be6 16. Nc7 Rac8 17. Nd5 Nd7 18. Bxg7 Kxg7 19. Kd2 f5 20. exf5 Rxf5 21. Ne3 Rc5 22. Rhc1 Na5 23. Rc3 Ne5 24. Rac1 Nec6 25. Nec2 Ne5 26. b3 axb3 27. axb3 d5 28. Nd4 Bf7 29. cxd5 Rxc3 30. Rxc3 Rd8 31. Rc7 Bxd5 32. Kc3 Kf6 33. Nc4 Nexc4 34. bxc4 Bf7 35. f4 b6 36. g4 h6 37. h4 g5 38. fxg5+ hxg5 39. hxg5+ Kxg5 40. Rxe7 Bg8 41. Re5+ Kf4 42. Rf5+ Ke3 43. Rf3+ Ke4 44. Bd3+ Ke5 45. Rf5+ Kd6 46. Rb5 Kc7 47. c5 Nc6 48. cxb6+ Kb7 49. Be4 Rxd4 50. Bxc6+ Ka6 51. Kxd4 1-0


[Site "https://www.chess.com"]

[Event "Titled Tuesday Blitz July 11 Late 2023"]
[White "Zemlyanskii, Ivan"]
[Black "Andreikin, Dmitry"]
[WhiteFideId "24249971"]
[BlackFideId "4158814"]
[WhiteElo "2802"]
[BlackElo "3015"]
[Result "0-1"]
[Round "4"]
[TimeControl "180+2"]
[Date "2023.07.11"]
[WhiteClock "0:00:04"]
[BlackClock "0:00:08"]
[Board "10"]

1. d4 Nf6 2. c4 g6 3. h4 a6 4. Nc3 b5 5. cxb5 axb5 6. Nxb5 Bb7 7. Nc3 Bg7 8. Nf3 Na6 9. Bg5 Ne4 10. e3 c5 11. Nxe4 Bxe4 12. Be2 O-O 13. O-O h6 14. Bf4 Qb6 15. Qd2 d6 16. Rfc1 Rfb8 17. b3 Nb4 18. dxc5 dxc5 19. Bxb8 Rxb8 20. a3 Rd8 21. Qe1 Nc2 22. Rxc2 Bxc2 23. Rc1 Qxb3 24. Qa5 Rc8 25. Ba6 Ra8 26. Qxc5 Bf5 27. Bc4 Qxa3 28. Qxa3 Rxa3 29. Bd5 e6 30. Rc8+ Kh7 31. Bb7 Ra7 32. Bc6 Bf6 33. Kh2 Kg7 34. Kg3 g5 35. hxg5 hxg5 36. Nh2 Be5+ 37. f4 gxf4+ 38. exf4 Bd6 39. Ng4 Ra3+ 40. Bf3 Ra4 41. Ne5 f6 42. Rd8 fxe5 43. Rxd6 exf4+ 44. Kh4 Kf6 45. Bg4 Ra8 46. Bh5 Ra1 47. Bg4 Rh1+ 48. Bh3 Bxh3 49. gxh3 Kf5 50. Rd8 e5 51. Rf8+ Ke4 52. Kg4 Rg1+ 53. Kh5 f3 54. h4 Ke3 55. Kh6 f2 0-1


[Site "https://www.chess.com"]

[Event "Titled Tuesday Blitz July 11 Late 2023"]
[White "Bortnyk, Mykola"]
[Black "Svane, Frederik"]
[WhiteFideId "14120836"]
[BlackFideId "12923044"]
[WhiteElo "3005"]
[BlackElo "2797"]
[Result "0-1"]
[Round "4"]
[TimeControl "180+2"]
[Date "2023.07.11"]
[WhiteClock "0:00:05"]
[BlackClock "0:00:11"]
[Board "11"]

1. e4 e6 2. Qe2 c5 3. b3 Nc6 4. Bb2 d6 5. f4 Nf6 6. Nf3 Be7 7. g3 b6 8. e5 dxe5 9. Nxe5 Nd4 10. Bxd4 Qxd4 11. Nc3 Bb7 12. Bg2 Bxg2 13. Qxg2 O-O 14. Nc6 Qd7 15. Nxe7+ Qxe7 16. O-O Rfd8 17. d3 Qd7 18. Kh1 Rac8 19. Ne4 Nxe4 20. Qxe4 g6 21. a4 h5 22. Rae1 a6 23. Rg1 b5 24. axb5 axb5 25. g4 hxg4 26. Rxg4 c4 27. Rxg6+ fxg6 28. Qxg6+ Qg7 29. Qxe6+ Kh8 30. Re5 Qb7+ 31. Kg1 Rg8+ 32. Rg5 Rcf8 33. Qe5+ Rg7 34. Kf2 Qb6+ 35. Ke2 Qf6 36. Rh5+ Rh7 37. Qxb5 cxd3+ 38. cxd3 Qxf4 39. Rxh7+ Kxh7 40. Qh5+ Kg7 41. d4 Qe4+ 42. Kd2 Qxd4+ 43. Ke1 Qe3+ 44. Kd1 Rd8+ 0-1


[Site "https://www.chess.com"]

[Event "Titled Tuesday Blitz July 11 Late 2023"]
[White "Tristan, Leonardo"]
[Black "He, Anthony"]
[WhiteFideId "113816"]
[BlackFideId "2088215"]
[WhiteElo "2795"]
[BlackElo "2994"]
[Result "0-1"]
[Round "4"]
[TimeControl "180+2"]
[Date "2023.07.11"]
[WhiteClock "0:00:02"]
[BlackClock "0:02:00"]
[Board "12"]

1. d4 Nf6 2. Nf3 g6 3. Bf4 Bg7 4. e3 O-O 5. Be2 d6 6. O-O Nc6 7. c3 Re8 8. h3 Bf5 9. Qb3 Qc8 10. Ng5 e6 11. Nd2 h6 12. Nxf7 Kxf7 13. g4 g5 14. Bxg5 hxg5 15. gxf5 d5 16. f4 gxf4 17. Rxf4 Bh6 18. fxe6+ Rxe6 19. Rxf6+ Rxf6 20. Qxd5+ Kg7 21. Ne4 Rg6+ 22. Bg4 Qd8 23. Qb5 Qe7 24. Ng3 Qxe3+ 25. Kg2 Qd2+ 26. Kh1 Re8 27. Qxb7 Bf4 28. Nf5+ Kh7 29. Kg1 Bh2+ 30. Kf1 Rxg4 31. hxg4 Qe2# 0-1


[Site "https://www.chess.com"]

[Event "Titled Tuesday Blitz July 11 Late 2023"]
[White "Maghsoodloo, Parham"]
[Black "Kadric, Denis"]
[WhiteFideId "12539929"]
[BlackFideId "14403803"]
[WhiteElo "2980"]
[BlackElo "2793"]
[Result "1-0"]
[Round "4"]
[TimeControl "180+2"]
[Date "2023.07.11"]
[WhiteClock "0:01:14"]
[BlackClock "0:01:40"]
[Board "13"]

1. d4 Nf6 2. c4 d6 3. Nc3 e5 4. Nf3 Nbd7 5. e4 g6 6. g3 Bg7 7. Bg2 O-O 8. O-O exd4 9. Nxd4 Nc5 10. Bf4 Re8 11. Re1 Nfd7 12. Nb3 Ne6 13. Be3 Ne5 14. Qe2 h5 15. h3 h4 16. f4 hxg3 17. fxe5 Bxe5 18. Rf1 Qh4 19. Qg4 Qh8 20. Qf3 Rf8 21. Nd5 f5 22. exf5 gxf5 23. Ne7+ 1-0


[Site "https://www.chess.com"]

[Event "Titled Tuesday Blitz July 11 Late 2023"]
[White "Licznerski, Lukasz"]
[Black "Makarian, Rudik"]
[WhiteFideId "1179250"]
[BlackFideId "44105681"]
[WhiteElo "2792"]
[BlackElo "2969"]
[Result "1-0"]
[Round "4"]
[TimeControl "180+2"]
[Date "2023.07.11"]
[WhiteClock "0:00:02"]
[BlackClock "0:00:01"]
[Board "14"]

1. e4 c5 2. Nf3 Nc6 3. d4 cxd4 4. Nxd4 e6 5. Nc3 a6 6. Nxc6 bxc6 7. Bd3 d5 8. O-O Nf6 9. b3 Be7 10. Bb2 O-O 11. Qe2 a5 12. e5 Nd7 13. Na4 g6 14. c4 Nb6 15. Nxb6 Qxb6 16. Rab1 a4 17. Bc1 axb3 18. axb3 Bb7 19. Be3 d4 20. Bh6 Rfe8 21. b4 c5 22. b5 Ra3 23. Bc1 Ra4 24. Qg4 Bf8 25. h4 Bg7 26. Re1 Qa5 27. Bg5 Ra3 28. Be4 Bxe4 29. Qxe4 Qb6 30. h5 Ra4 31. Rec1 h6 32. Bf6 g5 33. f4 Bxf6 34. exf6 Qd6 35. fxg5 hxg5 36. b6 Rb8 37. b7 Ra2 38. Rb3 Qf4 39. Qxf4 gxf4 40. Rf1 Rc2 41. Rxf4 Rxc4 42. Rg3+ Kh7 43. Rg7+ Kh6 44. Rxf7 Rb4 45. Rc7 d3 46. Rxb4 cxb4 47. Rd7 b3 48. Rxd3 b2 49. Rb3 Kg5 50. f7 1-0


[Site "https://www.chess.com"]

[Event "Titled Tuesday Blitz July 11 Late 2023"]
[White "Chigaev, Maksim"]
[Black "Tanenbaum, Zachary"]
[WhiteFideId "4108116"]
[BlackFideId "2060850"]
[WhiteElo "2952"]
[BlackElo "2761"]
[Result "1-0"]
[Round "4"]
[TimeControl "180+2"]
[Date "2023.07.11"]
[WhiteClock "0:00:07"]
[BlackClock "0:00:05"]
[Board "15"]

1. e4 e5 2. Nf3 Nc6 3. d4 exd4 4. Nxd4 Bc5 5. Nb3 Bb6 6. Qe2 Nf6 7. Nc3 O-O 8. Bg5 h6 9. Bh4 a5 10. a4 Nd4 11. Qd3 Nxb3 12. cxb3 c6 13. O-O-O Re8 14. Qc2 d5 15. exd5 cxd5 16. Bb5 Re5 17. Bg3 Bf5 18. Bd3 Bxd3 19. Qxd3 Re6 20. Kb1 d4 21. Nb5 Qd5 22. Bc7 Qxg2 23. Bxb6 Rxb6 24. Qxd4 Qe4+ 25. Ka2 Qxd4 26. Rxd4 Rc8 27. Re1 Rc2 28. Rd6 Rbc6 29. Rxc6 Rxc6 30. Nc3 Rd6 31. Re7 b6 32. f3 Kf8 33. Rb7 g5 34. Ka3 h5 35. b4 axb4+ 36. Kxb4 g4 37. fxg4 hxg4 38. b3 Rd4+ 39. Ka3 Rd6 40. Nb5 Re6 41. Nd4 Rd6 42. Nf5 Re6 43. Rb8+ Ne8 44. Nd4 Re4 45. Nb5 f5 46. Nd6 Re5 47. Rxb6 Re6 48. Nc4 Rxb6 49. Nxb6 f4 50. Nd5 f3 51. Ne3 Nf6 52. a5 f2 53. a6 Nd5 54. a7 Nc7 55. Kb2 Kf7 56. Kc2 Ke6 57. Kd2 Kd6 58. Ke2 Kc6 59. Kxf2 Kb7 60. Nxg4 Kxa7 61. h4 Ne6 62. h5 Ng5 63. h6 Kb6 64. Kg3 Nh7 65. Kf4 Kb5 66. Kf5 Kb4 67. Ne5 Kxb3 68. Nd7 Kc4 69. Kg6 1-0


[Site "https://www.chess.com"]

[Event "Titled Tuesday Blitz July 11 Late 2023"]
[White "Lavrik, Dmitry"]
[Black "Svane, Rasmus"]
[WhiteFideId "24113190"]
[BlackFideId "4657101"]
[WhiteElo "2700"]
[BlackElo "2947"]
[Result "0-1"]
[Round "4"]
[TimeControl "180+2"]
[Date "2023.07.11"]
[WhiteClock "0:00:00"]
[BlackClock "0:00:36"]
[Board "16"]

1. Nf3 d5 2. g3 Nf6 3. Bg2 e6 4. O-O Be7 5. d3 O-O 6. Nbd2 Nc6 7. e4 dxe4 8. dxe4 e5 9. c3 a5 10. a4 Bc5 11. Qc2 Qe7 12. Nc4 b6 13. Ne3 Rd8 14. Nd5 Qd6 15. Bg5 Rd7 16. Bxf6 gxf6 17. Nh4 Ne7 18. Nf5 Nxf5 19. exf5 c6 20. Ne3 Bxe3 21. fxe3 Qc5 22. Qe2 Ba6 23. Qg4+ Kf8 24. Rfe1 Rd2 25. b4 Qxc3 26. bxa5 Qxa5 27. Rac1 Rad8 28. Qh4 Ke7 29. Bxc6 Rc2 30. Bf3 Qd2 0-1


[Site "https://www.chess.com"]

[Event "Titled Tuesday Blitz July 11 Late 2023"]
[White "Rastbod, Ali"]
[Black "Tahbaz, Arash"]
[WhiteFideId "12567477"]
[BlackFideId "12528846"]
[WhiteElo "2688"]
[BlackElo "2936"]
[Result "1-0"]
[Round "4"]
[TimeControl "180+2"]
[Date "2023.07.11"]
[WhiteClock "0:00:24"]
[BlackClock "0:00:02"]
[Board "17"]

1. d4 g6 2. c4 Bg7 3. g3 Nf6 4. Bg2 O-O 5. Nf3 d6 6. O-O c6 7. Nc3 Bf5 8. Ng5 h6 9. e4 Bg4 10. f3 Bd7 11. Nh3 e5 12. dxe5 dxe5 13. Be3 Qe7 14. c5 Na6 15. Na4 Be6 16. Qc2 Rad8 17. a3 Nc7 18. Nc3 Bc4 19. Rfd1 Qe6 20. Rxd8 Rxd8 21. Rd1 Rxd1+ 22. Qxd1 Bf8 23. b4 a5 24. Qd8 Nb5 25. Bxh6 Ne8 26. Nxb5 Bxb5 27. Bxf8 Kxf8 28. Ng5 Qc4 29. h4 axb4 30. axb4 Qxb4 31. Nh7+ Kg7 32. Qxe8 Qxc5+ 33. Kh2 Kxh7 34. Qxf7+ Kh6 35. g4 g5 36. hxg5+ Kxg5 37. Qg7+ 1-0


[Site "https://www.chess.com"]

[Event "Titled Tuesday Blitz July 11 Late 2023"]
[White "Shimanov, Aleksandr"]
[Black "Di Berardino, Diego Rafael"]
[WhiteFideId "4198603"]
[BlackFideId "2105446"]
[WhiteElo "2932"]
[BlackElo "2635"]
[Result "1-0"]
[Round "4"]
[TimeControl "180+2"]
[Date "2023.07.11"]
[WhiteClock "0:01:30"]
[BlackClock "0:00:06"]
[Board "18"]

1. d4 Nf6 2. Bg5 e6 3. Nd2 d5 4. e3 c5 5. c3 Be7 6. Bd3 b6 7. Qe2 Bb7 8. Bxf6 Bxf6 9. f4 Qc8 10. Bb5+ Bc6 11. Bd3 Bb7 12. Bb5+ Bc6 13. a4 Bxb5 14. axb5 O-O 15. Ngf3 a6 16. O-O Qb7 17. g4 axb5 18. Rxa8 Qxa8 19. Qxb5 Qc6 20. Qxc6 Nxc6 21. Ra1 cxd4 22. exd4 Na5 23. b4 Nc6 24. Ra6 Rb8 25. Kf2 g6 26. Ke3 Ne7 27. Ne5 Bxe5 28. fxe5 Kg7 29. Ra7 Nc8 30. Rc7 h6 31. Nb3 Ra8 32. Kd3 Na7 33. Rb7 Nc8 34. h4 g5 35. h5 Kf8 36. Nd2 Ne7 37. Rxb6 Ra1 38. Rb8+ Kg7 39. Rb7 Kf8 40. b5 Rg1 41. b6 Ke8 42. Rxe7+ Kxe7 43. b7 1-0


[Site "https://www.chess.com"]

[Event "Titled Tuesday Blitz July 11 Late 2023"]
[White "Ovchinnikov, Vsevolod"]
[Black "Bluebaum, Matthias"]
[WhiteFideId "24176842"]
[BlackFideId "24651516"]
[WhiteElo "2639"]
[BlackElo "3048"]
[Result "0-1"]
[Round "4"]
[TimeControl "180+2"]
[Date "2023.07.11"]
[WhiteClock "0:00:00"]
[BlackClock "0:00:08"]
[Board "19"]

1. d4 d5 2. c4 e6 3. Nf3 Nf6 4. g3 Nc6 5. Bg2 Bd6 6. Nbd2 O-O 7. O-O a5 8. b3 Ne4 9. Bb2 f5 10. a3 Bd7 11. e3 Be8 12. Ne1 h5 13. Ndf3 h4 14. Nxh4 g5 15. Nhf3 Bh5 16. Nd3 Qf6 17. Qc2 Bxf3 18. Bxf3 Rf7 19. Bh1 Rh7 20. f4 Qh6 21. Bxe4 dxe4 22. Ne5 gxf4 23. exf4 Nxe5 24. fxe5 Be7 25. Bc1 Bg5 26. Bxg5 Qxg5 27. Rf4 Rd8 28. Rd1 Rg7 29. Qf2 Qh5 30. Rd2 c6 31. Qe3 Qg5 32. a4 Qg6 33. Qf2 Rgd7 34. Qe3 c5 35. d5 exd5 36. Qxc5 Qe6 37. cxd5 Rxd5 38. Rxd5 Rxd5 39. Qe3 Qxe5 40. Rf2 Qf6 41. Kg2 Rd6 42. Qf4 Rd5 43. Qxe4 Qc6 44. Qf3 Kg7 45. h3 Kg6 46. Kh2 Re5 47. Qxc6+ bxc6 48. Rf3 Re2+ 49. Kg1 Rc2 50. Kf1 c5 51. Ke1 Rh2 52. h4 Rb2 53. Kd1 c4 54. bxc4 Rb4 0-1


[Site "https://www.chess.com"]

[Event "Titled Tuesday Blitz July 11 Late 2023"]
[White "Sarana, Alexey"]
[Black "Vakhlamov, Igor L."]
[WhiteFideId "24133795"]
[BlackFideId "24126748"]
[WhiteElo "3046"]
[BlackElo "2773"]
[Result "1-0"]
[Round "4"]
[TimeControl "180+2"]
[Date "2023.07.11"]
[WhiteClock "0:01:23"]
[BlackClock "0:00:35"]
[Board "20"]

1. d4 d5 2. c4 e6 3. Nc3 c5 4. dxc5 d4 5. Na4 Bxc5 6. Nxc5 Qa5+ 7. Bd2 Qxc5 8. e3 Nc6 9. Nf3 Nf6 10. exd4 Nxd4 11. Nxd4 Qxd4 12. Bc3 Qe4+ 13. Be2 Bd7 14. O-O Bc6 15. f3 Qe3+ 16. Rf2 Rd8 17. Qc1 Qxc1+ 18. Rxc1 O-O 19. b4 b6 20. Bf1 Rfe8 21. a4 Rd7 22. a5 bxa5 23. b5 Ba8 24. Bxa5 Rc8 25. c5 Bd5 26. c6 Re7 27. Rfc2 Ne8 28. Bb4 Rec7 29. Ra1 f6 30. Bc5 Ra8 31. Bb6 Re7 32. c7 Nd6 33. Rxa7 Rc8 34. Ba5 Nb7 35. b6 Kf7 36. Bb4 Rd7 37. Bb5 Rdxc7 38. Rxc7+ Kg6 39. Rxc8 Kf5 40. Rc7 Kf4 1-0


[Site "https://www.chess.com"]

[Event "Titled Tuesday Blitz July 11 Late 2023"]
[White "Leitao, Rafael"]
[Black "Deac, Bogdan-Daniel"]
[WhiteFideId "2101246"]
[BlackFideId "1226380"]
[WhiteElo "2757"]
[BlackElo "2989"]
[Result "0-1"]
[Round "4"]
[TimeControl "180+2"]
[Date "2023.07.11"]
[WhiteClock "0:00:00"]
[BlackClock "0:00:03"]
[Board "21"]

1. c4 e6 2. g3 d5 3. Bg2 Nf6 4. Nf3 Be7 5. O-O O-O 6. b3 a5 7. Ba3 a4 8. Bxe7 Qxe7 9. Nc3 axb3 10. axb3 Rxa1 11. Qxa1 c6 12. d4 Nbd7 13. Rc1 Re8 14. e3 h6 15. Qa7 Qb4 16. Qa4 Qxa4 17. Nxa4 Ne4 18. Nb2 f6 19. Nd3 Kf7 20. Bf1 g5 21. h3 h5 22. Be2 Ke7 23. h4 g4 24. Nfe1 e5 25. cxd5 cxd5 26. Nb4 Kd6 27. dxe5+ fxe5 28. Rd1 Nb6 29. Ned3 Nc3 30. Rd2 Nxe2+ 31. Rxe2 Bf5 32. Rc2 Ra8 33. Kf1 Ra3 34. Rb2 Nd7 35. Ke2 Nf6 36. Nc2 Ra8 37. Ndb4 Ne4 38. Ne1 Nc3+ 39. Kd2 Ne4+ 40. Ke2 Ra1 41. Nbc2 Rc1 42. Nd3 Rh1 43. Nce1 Nc3+ 44. Kd2 Ne4+ 45. Ke2 b6 46. b4 Bd7 47. b5 Bxb5 48. Rb3 Kc7 0-1


[Site "https://www.chess.com"]

[Event "Titled Tuesday Blitz July 11 Late 2023"]
[White "Cugimura97"]
[Black "Oparin, Grigoriy"]
[BlackFideId "24125890"]
[WhiteElo "2705"]
[BlackElo "2983"]
[Result "0-1"]
[Round "4"]
[TimeControl "180+2"]
[Date "2023.07.11"]
[WhiteClock "0:00:22"]
[BlackClock "0:00:13"]
[Board "22"]

1. d4 Nf6 2. c4 e6 3. Nf3 b6 4. Nc3 Bb7 5. g3 Bb4 6. Bd2 O-O 7. Bg2 d6 8. O-O Nbd7 9. a3 Bxc3 10. Bxc3 Ne4 11. Qc2 Nxc3 12. Qxc3 Qe7 13. Nd2 Bxg2 14. Kxg2 e5 15. dxe5 Nxe5 16. Nf3 Nd7 17. e3 f5 18. Rad1 a5 19. Qd3 a4 20. Qd5+ Kh8 21. Nd4 Ra5 22. Qb7 Nc5 23. Qc6 g5 24. Nb5 Rf7 25. Nc3 Kg7 26. Rfe1 Ne4 27. Nd5 Qd8 28. f3 Nf6 29. f4 Ne4 30. Nc3 Nxc3 31. bxc3 Qf6 32. Rd3 Re7 33. Kf2 h6 34. h3 Kg6 35. Qf3 Rc5 36. Rd4 Qf7 37. e4 gxf4 38. exf5+ Rxf5 39. gxf4 Rxe1 40. Kxe1 Qd7 41. Re4 Rf7 42. Kf2 Kh7 43. Qg4 Qc6 44. Re6 Qc5+ 45. Kg3 Rg7 46. f5 Rxg4+ 47. hxg4 Qxc4 0-1


[Site "https://www.chess.com"]

[Event "Titled Tuesday Blitz July 11 Late 2023"]
[White "Sviridov, Valery"]
[Black "Matinian, Nikita"]
[WhiteFideId "4120680"]
[BlackFideId "24129100"]
[WhiteElo "2966"]
[BlackElo "2692"]
[Result "1-0"]
[Round "4"]
[TimeControl "180+2"]
[Date "2023.07.11"]
[WhiteClock "0:00:35"]
[BlackClock "0:00:01"]
[Board "23"]

1. d4 Nf6 2. Nc3 d5 3. Bf4 c6 4. e3 g6 5. h4 h5 6. Nf3 Nbd7 7. Be2 Bg7 8. Qd2 b5 9. Ne5 Qb6 10. a4 b4 11. Na2 a5 12. f3 c5 13. Bb5 c4 14. c3 b3 15. Nc1 O-O 16. Ne2 Rd8 17. O-O Ba6 18. Nxd7 Nxd7 19. Bxd7 Rxd7 20. Be5 f6 21. Bg3 e5 22. f4 e4 23. f5 g5 24. hxg5 fxg5 25. Be5 Rf7 26. Ng3 Qh6 27. Qe2 g4 28. f6 Bxf6 29. Bxf6 Rxf6 30. Rxf6 Qxf6 31. Nxh5 Qg5 32. Qxg4 Qxg4 33. Nf6+ Kg7 34. Nxg4 Rf8 35. Ne5 Bb7 36. Rf1 Rf6 37. g4 Ba6 38. Rxf6 Kxf6 39. Nc6 Bc8 40. Nxa5 Bd7 41. Kf2 Bxa4 42. Kg3 Kg5 43. Nb7 Bd7 44. Nd8 Bxg4 45. Nf7+ Kh5 46. Kf4 Be6 47. Nd8 Bg8 48. Nc6 Kh4 49. Ne7 Bf7 50. Nf5+ Kh3 51. Ke5 Kg2 52. Nh6 Kf3 53. Nxf7 Kxe3 54. Kxd5 Kd2 55. Ne5 e3 56. Nxc4+ Kc2 57. Nxe3+ Kxb2 58. Nc4+ Kxc3 59. Kc5 Kd3 60. d5 1-0


[Site "https://www.chess.com"]

[Event "Titled Tuesday Blitz July 11 Late 2023"]
[White "Pranav, V"]
[Black "Nefedov, Sergey"]
[WhiteFideId "25060783"]
[BlackFideId "24113417"]
[WhiteElo "2950"]
[BlackElo "2678"]
[Result "1-0"]
[Round "4"]
[TimeControl "180+2"]
[Date "2023.07.11"]
[WhiteClock "0:00:05"]
[BlackClock "0:00:00"]
[Board "24"]

1. e4 d5 2. exd5 Qxd5 3. Nc3 Qd8 4. d4 Nf6 5. Nf3 g6 6. Bc4 Bg7 7. O-O O-O 8. h3 a6 9. a4 Nc6 10. Re1 Bf5 11. Bg5 Nb4 12. Bb3 c6 13. Qd2 Nbd5 14. Nxd5 cxd5 15. Bh6 Ne4 16. Qe3 Qd6 17. Bxg7 Kxg7 18. Ne5 Rac8 19. Nd3 Rfe8 20. a5 Nf6 21. Nc5 Rc7 22. Ba4 Rec8 23. b4 h5 24. c3 Ne4 25. Bc2 Nxc5 26. bxc5 Qf6 27. Bxf5 Qxf5 28. Rab1 Rd8 29. Rb6 Rdd7 30. Qg3 e6 31. Re5 Qc2 32. Kh2 Kh7 33. Rg5 f6 34. Rg4 hxg4 35. Rxe6 Qf5 36. Re8 gxh3 37. Qh4+ Qh5 38. Qxf6 hxg2+ 39. Kxg2 Rg7 40. Qd8 Qg4+ 41. Kf1 g5 42. Rh8+ Kg6 43. Qd6+ Kf5 44. Qxd5+ Kf6 45. Qe5+ Kg6 46. Qd6+ Kf5 47. Qd5+ Kg6 48. Qd6+ Kf5 49. Re8 Qd1+ 50. Re1 Qd3+ 51. Kg2 Kg4 52. Qe6+ Qf5 53. Re4+ Kh5 54. Qxf5 Rcf7 55. Qh3+ Kg6 56. Re6+ Rf6 57. Rxf6+ Kxf6 58. Qf3+ Ke6 59. Qe4+ 1-0


[Site "https://www.chess.com"]

[Event "Titled Tuesday Blitz July 11 Late 2023"]
[White "Kantans, Toms"]
[Black "Zakhartsov, Vladimir"]
[WhiteFideId "11602945"]
[BlackFideId "4145097"]
[WhiteElo "2630"]
[BlackElo "2931"]
[Result "1/2-1/2"]
[Round "4"]
[TimeControl "180+2"]
[Date "2023.07.11"]
[WhiteClock "0:00:03"]
[BlackClock "0:00:25"]
[Board "25"]

1. e4 g6 2. d4 Bg7 3. Nc3 d6 4. f4 a6 5. Nf3 Nd7 6. e5 c5 7. exd6 cxd4 8. Nxd4 exd6 9. Be3 Ngf6 10. Qd2 O-O 11. O-O-O Nc5 12. Nb3 Nxb3+ 13. axb3 Qa5 14. Kb1 Bf5 15. Bd3 Rac8 16. Bxf5 Qxf5 17. Qd3 Qa5 18. Bd4 Rc6 19. Rhe1 Rfc8 20. Re2 b5 21. Bxf6 Bxf6 22. Nd5 Bd8 23. Re8+ Kg7 24. Qd4+ Kh6 25. g4 Rxc2 26. g5+ Kh5 27. Qe3 Rxh2 28. Qf3+ Kh4 29. Re3 Rcc2 30. Qg3+ Kh5 31. Qf3+ Kh4 32. Qg3+ Kh5 33. Qf3+ Kh4 1/2-1/2


[Site "https://www.chess.com"]

[Event "Titled Tuesday Blitz July 11 Late 2023"]
[White "Grigoriants, Sergey"]
[Black "Adewumi, Tanitoluwa"]
[WhiteFideId "4130804"]
[BlackFideId "30966396"]
[WhiteElo "2913"]
[BlackElo "2657"]
[Result "1-0"]
[Round "4"]
[TimeControl "180+2"]
[Date "2023.07.11"]
[WhiteClock "0:00:14"]
[BlackClock "0:00:18"]
[Board "26"]

1. d4 Nf6 2. c4 e6 3. g3 d5 4. Bg2 Bb4+ 5. Nd2 O-O 6. Nf3 b6 7. O-O Bb7 8. Ne5 Nbd7 9. a3 Bd6 10. cxd5 exd5 11. Ndc4 Be7 12. Bf4 Nxe5 13. Nxe5 c5 14. Rc1 Re8 15. Qa4 Bd6 16. Rfd1 Qe7 17. e3 Ne4 18. Bxe4 dxe4 19. dxc5 bxc5 20. Nc4 Bxf4 21. exf4 e3 22. Nxe3 Rad8 23. Rxd8 Rxd8 24. Rd1 Rxd1+ 25. Qxd1 h6 26. Qd3 Qf6 27. Qc3 Qd6 28. Kf1 Bf3 29. Qxg7+ Kxg7 30. Nf5+ Kf6 31. Nxd6 Bd5 32. Ke1 Ke6 33. Nb5 Bc6 34. Nc3 Kf5 35. Kd2 Kg4 36. Ke3 Kh3 37. Ne4 c4 38. Nd6 Bd5 39. Kd4 Be6 40. Nxc4 Kxh2 41. Nd6 f6 42. Ke3 Kg2 43. Ne4 f5 44. Nc5 Bd5 45. b4 h5 46. Nd7 Kh3 47. Nf6 Bf7 48. a4 h4 49. gxh4 Kxh4 50. Kd4 Kh3 51. Ke5 Bg6 52. Nd5 Kg2 53. Ne7 Be8 54. a5 Kxf2 55. Nxf5 Ke2 56. Kd4 Kf3 57. Nd6 Bd7 58. f5 Kf4 59. f6 Be6 60. f7 Bxf7 61. Nxf7 Kf5 62. Nd8 Kf6 63. Kc5 Ke7 64. Nc6+ Kd7 65. Nxa7 Kc7 66. Nc6 Kb7 67. b5 Ka8 68. Nb4 Kb7 69. a6+ Ka8 70. Kb6 Kb8 71. Nd5 Ka8 72. Nc7+ Kb8 73. a7+ Kc8 74. a8=Q+ Kd7 75. Qe8+ Kd6 76. Qe6# 1-0


[Site "https://www.chess.com"]

[Event "Titled Tuesday Blitz July 11 Late 2023"]
[White "Keleberda, Tymur"]
[Black "Maksimovic, Bojan"]
[WhiteFideId "14174294"]
[BlackFideId "14408120"]
[WhiteElo "2547"]
[BlackElo "2846"]
[Result "1/2-1/2"]
[Round "4"]
[TimeControl "180+2"]
[Date "2023.07.11"]
[WhiteClock "0:00:11"]
[BlackClock "0:00:06"]
[Board "27"]

1. e4 g6 2. d4 Nf6 3. Nc3 d5 4. e5 Ne4 5. Nce2 f6 6. f3 Ng5 7. Bxg5 fxg5 8. c3 c5 9. Qd2 Nc6 10. dxc5 Nxe5 11. Nd4 e6 12. Bb5+ Kf7 13. b4 Bg7 14. Nh3 h6 15. O-O Kg8 16. f4 gxf4 17. Nxf4 Qe7 18. Rae1 g5 19. Nd3 Nxd3 20. Bxd3 e5 21. Nf5 Bxf5 22. Bxf5 Rd8 23. Rd1 Bf6 24. c4 d4 25. Qd3 Kg7 26. a3 h5 27. g3 g4 28. Qe4 Bg5 29. Kg2 Be3 30. c6 bxc6 31. Qxc6 Rd6 32. Qe4 Rf8 33. c5 Rdf6 34. Bh7 Rf2+ 35. Rxf2 Rxf2+ 36. Kh1 Qf6 37. Qb7+ Kh6 38. Bd3 Kg5 39. Qa8 Qf7 40. Qe4 Qf6 41. Qa8 Qf7 42. Qe4 Qf6 43. Qa8 1/2-1/2


[Site "https://www.chess.com"]

[Event "Titled Tuesday Blitz July 11 Late 2023"]
[White "Andreassen, Lars"]
[Black "Elsa167"]
[WhiteFideId "1504878"]
[WhiteElo "2394"]
[BlackElo "2824"]
[Result "1-0"]
[Round "4"]
[TimeControl "180+2"]
[Date "2023.07.11"]
[WhiteClock "0:00:57"]
[BlackClock "0:00:00"]
[Board "28"]

1. d4 Nf6 2. Nf3 e6 3. Bg5 c5 4. e3 cxd4 5. exd4 b6 6. Bd3 Bb7 7. Nbd2 Be7 8. O-O d6 9. Re1 Nbd7 10. c3 O-O 11. Qe2 a6 12. Rad1 Re8 13. a4 Qc8 14. h3 Bc6 15. Ne4 Qb7 16. b3 Nxe4 17. Bxe4 Bxe4 18. Qxe4 Qxe4 19. Rxe4 Bxg5 20. Nxg5 Rec8 21. c4 d5 22. cxd5 Nf6 23. Rf4 Nxd5 24. Rf3 Rc7 25. h4 Rac8 26. h5 h6 27. Ne4 Rc1 28. Rxc1 Rxc1+ 29. Kh2 f5 30. Nd6 Rd1 31. Nc8 Rxd4 32. g3 Kf7 33. Nd6+ Ke7 34. Nc4 Kf6 35. Nd6 Kg5 36. Ne8 g6 37. hxg6 Kxg6 38. Nd6 Nf6 39. Nc4 Nd5 40. Ne5+ Kf6 41. Nd7+ Ke7 42. Ne5 h5 43. Nc6+ 1-0


[Site "https://www.chess.com"]

[Event "Titled Tuesday Blitz July 11 Late 2023"]
[White "Caruana, Fabiano"]
[Black "Rangel, Daniel"]
[WhiteFideId "2020009"]
[BlackFideId "2124475"]
[WhiteElo "3107"]
[BlackElo "2493"]
[Result "1-0"]
[Round "4"]
[TimeControl "180+2"]
[Date "2023.07.11"]
[WhiteClock "0:00:06"]
[BlackClock "0:00:00"]
[Board "29"]

1. c4 Nf6 2. Nc3 e6 3. d4 d5 4. cxd5 exd5 5. Bg5 Be7 6. e3 c6 7. Bd3 Nbd7 8. h3 O-O 9. Nf3 Re8 10. Qc2 Nf8 11. Bf4 a5 12. O-O Nh5 13. Bh2 g6 14. Rad1 Ng7 15. e4 dxe4 16. Nxe4 Be6 17. Nc5 Bxc5 18. dxc5 Qc8 19. Ne5 Bf5 20. Nc4 Bxd3 21. Rxd3 Qf5 22. Nd6 Qh5 23. Nxe8 Rxe8 24. g4 Qh4 25. Qb3 Nfe6 26. Qxb7 h5 27. Qxc6 hxg4 28. hxg4 Qxg4+ 29. Qg2 Qf5 30. Qd5 Qg4+ 31. Rg3 Qh4 32. Rc3 Nh5 33. c6 Nef4 34. Qd7 Re6 35. c7 Qg4+ 36. Bg3 Ne2+ 37. Kh2 Nhf4 38. c8=Q+ Kg7 39. Qxf7+ Kxf7 40. Rc7+ Kf6 41. Qh8+ Kg5 42. Rc5+ 1-0


[Site "https://www.chess.com"]